AoeStats
← tony le gros rou

Arena

507246427Analyzed
4v4 RM · 14d ago on Sep 17, 2026· 65m 42s· 8 players
Game mode
Random Map
Map size
Large (8 player)
Population
200
Speed
Normal
Resources
Standard
Victory
Conquest
Starting age
Dark Age
Ending age
Imperial Age
RankedLock teamsTeams togetherTeam positionsShared explorationLock speedFull tech treeHidden civsTurbo modeCheats
Victory
Defeat
🇨🇳 Byzantines · China
1685
+9
🇨🇳 Mongols · China
1452
+18
🇨🇳 Saracens · China
1425
+19
🇨🇳 Wu · China
1327
+22
🇫🇷 Gurjaras · France
1538
-19
🇫🇷 Britons · France
1508
-18
🇫🇷 Persians · France
1492
-17
🇫🇷 Malians · France
1416
-14
pxh42
10:43 Feudal Age
12:02 Loom
14:37 Castle Age
13:46 Double-Bit Axe
14:09 Horse Collar
16:33 Fletching
36:31 Wheelbarrow
40:50 Hand Cart
45:11 Imperial Age
42:51 Town Watch
42:59 Town Watch
43:43 Caravan
45:43 Elite Skirmisher
47:33 Bodkin Arrow
47:38 Padded Archer Armor
48:41 Bracer
49:09 Leather Archer Armor
49:08 Scale Mail Armor
49:18 Forging
48:33 Pikeman
49:13 Squires
49:43 Bow Saw
49:32 Treadmill Crane
50:53 Chemistry
50:13 Ballistics
51:07 Chain Mail Armor
51:27 Iron Casting
50:14 Halberdier
52:31 Guilds
55:32 Conscription
55:55 Plate Mail Armor
56:26 Blast Furnace
57:31 Blast Furnace
57:18 Scale Barding Armor
57:45 Masonry
64:36 Heavy Plow
65:29 Sitting Tiger
小刀
9:06 Feudal Age
13:19 Castle Age
11:20 Double-Bit Axe
11:43 Horse Collar
12:19 Gold Mining
19:13 Loom
24:37 Bow Saw
24:54 Heavy Plow
26:42 Wheelbarrow
30:03 Imperial Age
27:18 Town Watch
27:43 Fletching
28:11 Bloodlines
29:22 Ballistics
28:59 Bodkin Arrow
29:05 Padded Archer Armor
30:12 Leather Archer Armor
30:04 Thumb Ring
30:59 Bracer
31:26 Parthian Tactics
33:18 Elite Mangudai
34:12 Forging
34:08 Scale Barding Armor
34:20 Husbandry
37:07 Chemistry
36:13 Siege Engineers
36:18 Masonry
36:39 Conscription
39:55 Elite Skirmisher
41:12 Iron Casting
40:58 Chain Barding Armor
41:14 Crossbowman
41:15 Heavy Cavalry Archer
41:21 Light Cavalry
43:05 Blast Furnace
42:24 Nomads
42:45 Drill
43:01 Hoardings
45:54 Gold Shaft Mining
45:09 Stone Mining
44:46 Hussar
47:02 Stone Shaft Mining
66:31 Hand Cart
爱睡觉的鳄鱼
11:02 Feudal Age
11:34 Double-Bit Axe
11:41 Horse Collar
15:30 Castle Age
16:36 Bow Saw
16:51 Heavy Plow
22:04 Wheelbarrow
24:44 Hand Cart
24:30 Gold Mining
24:59 Stone Mining
28:44 Imperial Age
27:25 Fletching
28:16 Bodkin Arrow
28:22 Padded Archer Armor
28:10 Pikeman
28:51 Scale Mail Armor
29:02 Forging
28:56 Loom
29:00 Treadmill Crane
29:42 Ballistics
30:33 Chemistry
29:35 Bracer
29:52 Squires
30:13 Conscription
30:31 Leather Archer Armor
30:31 Chain Mail Armor
31:07 Gold Shaft Mining
31:18 Hoardings
31:15 Crop Rotation
30:48 Treadmill Crane
31:50 Guilds
32:25 Ring Archer Armor
32:26 Plate Mail Armor
32:18 Halberdier
33:52 Iron Casting
35:17 Scale Barding Armor
35:51 Bombard Tower
38:59 Coinage
38:16 Arson
38:53 Chain Barding Armor
40:10 Banking
40:10 Murder Holes
40:01 Arrowslits
48:15 Husbandry
47:36 Light Cavalry
49:26 Plate Barding Armor
51:53 Elite Skirmisher
52:40 Thumb Ring
53:02 Caravan
oilwater
11:04 Feudal Age
11:46 Double-Bit Axe
14:47 Castle Age
12:53 Horse Collar
21:04 Scale Barding Armor
22:19 Forging
23:02 Loom
25:20 Bloodlines
27:01 Husbandry
28:47 Husbandry
30:52 Chain Barding Armor
33:27 Wheelbarrow
33:32 Gold Mining
38:22 Imperial Age
37:54 Iron Casting
37:48 Masonry
38:24 Heavy Camel Rider
39:31 Fortified Wall
41:42 Elite Skirmisher
50:25 Bow Saw
53:35 Two-Man Saw
54:13 Hand Cart
55:55 Heavy Plow
56:49 Thumb Ring
56:37 Fletching
56:47 Padded Archer Armor
56:44 Light Cavalry
60:43 Plate Barding Armor
60:27 Hussar
62:46 Bodkin Arrow
65:11 Chemistry
65:24 Blast Furnace
65:15 Ballistics
ccereal
8:05 Feudal Age
7:06 Loom
8:59 Double-Bit Axe
14:17 Wheelbarrow
13:48 Fletching
13:59 Padded Archer Armor
21:25 Castle Age
19:52 Horse Collar
21:28 Crossbowman
22:05 Bodkin Arrow
25:24 Leather Archer Armor
26:11 Ballistics
34:38 Imperial Age
32:11 Gold Mining
33:04 Bow Saw
35:31 Gold Shaft Mining
34:46 Stone Mining
35:13 Hand Cart
34:44 Town Watch
34:55 Arbalester
35:42 Heavy Plow
36:22 Bracer
38:04 Chemistry
38:33 Ring Archer Armor
38:28 Scale Mail Armor
38:39 Forging
38:39 Squires
38:01 Pikeman
40:07 Two-Man Saw
39:59 Masonry
40:27 Hoardings
41:19 Coinage
41:05 Chain Mail Armor
41:26 Iron Casting
40:37 Halberdier
42:29 Warwolf
43:47 Plate Mail Armor
44:17 Blast Furnace
43:52 Architecture
44:06 Banking
44:26 Conscription
46:31 Siege Engineers
51:11 Yeomen
57:40 Caravan
Flybidi
10:04 Feudal Age
13:39 Castle Age
14:15 Double-Bit Axe
20:58 Wheelbarrow
24:16 Horse Collar
26:43 Hand Cart
27:48 Loom
30:38 Bloodlines
30:30 Husbandry
31:03 Bow Saw
30:53 Heavy Plow
34:17 Imperial Age
32:20 Scale Barding Armor
32:25 Forging
32:28 Gold Mining
32:47 Stone Mining
34:28 Gold Shaft Mining
34:29 Stone Shaft Mining
34:36 Kshatriyas
35:21 Chain Barding Armor
36:47 Plate Barding Armor
36:23 Forging
37:09 Heavy Camel Rider
39:26 Iron Casting
40:42 Elite Shrivamsha Rider
49:36 Fletching
50:19 Crop Rotation
50:32 Light Cavalry
51:45 Hussar
53:17 Caravan
56:49 Siege Elephant
64:11 Siege Elephant
tony le gros rou
9:58 Feudal Age
14:05 Castle Age
12:34 Double-Bit Axe
17:47 Town Watch
19:20 Horse Collar
23:52 Wheelbarrow
26:28 Husbandry
26:38 Bloodlines
29:26 Imperial Age
27:32 Scale Barding Armor
27:38 Forging
28:41 Masonry
29:25 Cavalier
30:26 Chain Barding Armor
30:41 Iron Casting
30:29 Bow Saw
31:36 Chemistry
30:58 Savar
31:41 Gold Mining
31:41 Stone Mining
33:24 Two-Man Saw
32:30 Heavy Plow
34:22 Plate Barding Armor
33:49 Fletching
37:17 Bodkin Arrow
37:22 Padded Archer Armor
37:40 Kamandaran
38:12 Ballistics
38:04 Crossbowman
38:50 Thumb Ring
39:07 Leather Archer Armor
39:36 Light Cavalry
46:59 Hussar
Tonymontana
10:04 Feudal Age
15:10 Castle Age
13:54 Double-Bit Axe
13:51 Horse Collar
14:17 Stone Mining
16:46 Bow Saw
19:45 Wheelbarrow
19:14 Heavy Plow
20:31 Loom
24:38 Scale Mail Armor
24:49 Forging
27:50 Gold Mining
32:20 Imperial Age
30:06 Hand Cart
29:36 Town Watch
30:26 Chain Mail Armor
31:54 Iron Casting
32:09 Gold Shaft Mining
32:10 Stone Shaft Mining
31:57 Town Patrol
33:01 Elite Gbeto
34:34 Plate Mail Armor
35:47 Fletching
36:24 Elite Skirmisher
37:12 Bodkin Arrow
37:19 Padded Archer Armor
39:09 Crop Rotation
39:00 Thumb Ring
42:53 Chemistry
45:57 Ballistics
Connection lost

Rejoining the realm…

Still unreachable

The connection could not be restored.

Session expired

The server has moved on; the page needs a fresh start.